 Dungeon Crawl Stone Soup version 0.20.1-1-g8b1a95d (webtiles) character file.

239 Inchmeat the Spear-Bearer (level 6, 0/44 HPs)
             Began as a Merfolk Gladiator on Oct 6, 2017.
             Was an Initiate of Ashenzari.
             Slain by a black bear (3 damage)
             ... on level 3 of the Dungeon.
             The game lasted 00:04:49 (2359 turns).

Inchmeat the Spear-Bearer (Merfolk Gladiator)       Turns: 2359, Time: 00:04:50

Health: 0/44       AC:  6    Str: 15 (16) XL:     6   Next: 7%
Magic:  6/6        EV: 16    Int:  4 (7)  God:    Ashenzari [......]
Gold:   105        SH:  0    Dex: 15 (16) Spells: 5/5 levels left

rFire    . . .     SeeInvis .   a - +0 trident (curse)
rCold    . . .     Gourm    .   (no shield)
rNeg     . . .     Faith    .   k - +0 ring mail (curse)
rPois    .         Spirit   .   c - +0 helmet (curse)
rElec    .         Reflect  .   (no cloak)
rCorr    .         Harm     .   (no gloves)
MR       .....                  (no boots)
Stlth    +.........             (no amulet)
Regen    0.2/turn               n - +2 ring of evasion (curse)
MPRegen  0.1/turn               (no ring)

@: hasted, very quick
A: change form in water, swift swim, stealthy swim
a: Curse Item, Renounce Religion


You were on level 3 of the Dungeon.
You worshipped Ashenzari.
Ashenzari was noncommittal.
You were not hungry.

You visited 1 branch of the dungeon, and saw 3 of its levels.

You collected 105 gold pieces.

Inventory:

Hand Weapons
 a - a cursed +0 trident (weapon)
Missiles
 d - 3 throwing nets (quivered)
Armour
 c - a cursed +0 helmet (worn)
 k - a cursed +0 ring mail (worn)
 v - a cursed +0 chain mail
Jewellery
 n - a cursed +2 ring of evasion (left hand)
Wands
 j - a wand of polymorph (11/24)
Scrolls
 b - a scroll of identify {unknown}
 e - 2 scrolls of blinking {unknown}
 g - a scroll of enchant weapon {unknown}
 h - a scroll of remove curse
 m - 2 scrolls of fog {unknown}
 q - a scroll of amnesia {unknown}
Potions
 r - a potion of curing {unknown}
 s - a potion of berserk rage {unknown}
 t - a potion of flight {unknown}
Books
 u - a book of Changes

   Spells                             Type                      Level
   a - Beastly Appendage              Transmutation                1
   b - Sticks to Snakes               Transmutation                2
   c - Spider Form                    Transmutation/Poison         3
   d - Ice Form                       Ice/Transmutation            4
   e - Blade Hands                    Transmutation                5
 w - a book of Necromancy

   Spells                             Type                      Level
   a - Pain                           Necromancy                   1
   b - Animate Skeleton               Necromancy                   1
   c - Vampiric Draining              Necromancy                   3
   d - Regeneration                   Charms/Necromancy            3
   e - Animate Dead                   Necromancy                   4
   f - Control Undead                 Necromancy                   4
Comestibles
 f - 3 bread rations
 i - a meat ration
 p - 2 royal jellies
 x - a fruit


   Skills:
 - Level 2.1 Fighting
 * Level 8.1 Polearms
 - Level 2.0 Throwing
 * Level 5.8 Dodging
 + Level 0.4 Unarmed Combat


You had 5 spell levels left.
You didn't know any spells.

Dungeon Overview and Level Annotations

Branches:
Dungeon (3/15)

Altars:
Ashenzari
Cheibriados
Okawaru
Qazlal
Uskayaw


Message History

The black bear closely misses you. The black bear claws you.
* * * LOW HITPOINT WARNING * * *
The black bear claws you but does no damage.
The black bear rages.
The black bear bites you.
* * * LOW HITPOINT WARNING * * *
The black bear completely misses you. x2
The black bear misses you. x2
The black bear claws you but does no damage.
It was a potion of degeneration.
There was something very wrong with that liquid.
You feel weakened.
You feel dopey.
You feel clumsy. The black bear barely misses you.
The black bear closely misses you. The black bear claws you.
* * * LOW HITPOINT WARNING * * *
It was a potion of haste.
You feel yourself speed up. The black bear bites you.
* * * LOW HITPOINT WARNING * * *
The black bear barely misses you. The black bear misses you.
The black bear bites you.
You die...

#.# #..# #..#########..## #. #.#
#..#####.##8.....8##..# #. #.#
#........#.........#..# #.
#.####.######.#.##...##.#..# #.
#......# #.#.##...##.#..# #.
#..##### ##.#........©#..# #.
#..#########..#.##...##.#..#####.
#<............#h##...##.#........
#.#########...#.@$[$)?..#....###.
#.# #.#.##8$._.$8##....###. #.#
#.#..#########......... #.#
#.#...........†........
#.#########.#.###....##..........
#....)........# #...###.##...###.
#############.# #.### #.##...# #.
#.# #.#####.##...###. #.#
#.#..............


You could see a black bear (berserk).

Vanquished Creatures
  A bullfrog (D:3)
  A hound (D:3)
  Terence (D:1)
  4 adders
  An ooze (D:1)
  2 worms (D:2)
  3 leopard geckos
  An orc (D:3)
  4 giant cockroaches
  8 goblins
  7 hobgoblins
  11 jackals
  5 ball pythons
  6 bats
  6 frilled lizards
  7 kobolds
  7 rats
75 creatures vanquished.

Notes
Turn   | Place    | Note
-------+----------+-------------------------------------------
     0 | D:1      | Inchmeat the Merfolk Gladiator began the quest for the Orb.
     0 | D:1      | Reached XP level 1. HP: 16/16 MP: 1/1
    41 | D:1      | Reached skill level 5 in Polearms
    41 | D:1      | Reached XP level 2. HP: 20/22 MP: 2/2
   300 | D:1      | Reached XP level 3. HP: 27/27 MP: 3/3
   751 | D:2      | Noticed Terence
   780 | D:1      | Killed Terence
   780 | D:1      | Reached skill level 6 in Polearms
   780 | D:1      | Reached XP level 4. HP: 12/33 MP: 4/4
  1007 | D:2      | Found a hide-covered altar of Uskayaw.
  1044 | D:2      | Reached skill level 5 in Dodging
  1601 | D:3      | Reached skill level 7 in Polearms
  1601 | D:3      | Reached XP level 5. HP: 33/38 MP: 5/5
  1836 | D:3      | Found a transporter.
  1845 | D:3      | Found an iron altar of Okawaru.
  1845 | D:3      | Noticed a black bear
  1908 | D:3      | Found a transporter.
  2042 | D:3      | Found a snail-covered altar of Cheibriados.
  2045 | D:3      | Found a stormy altar of Qazlal.
  2048 | D:3      | Found a shattered altar of Ashenzari.
  2053 | D:3      | Became a worshipper of Ashenzari the Shackled
  2321 | D:3      | Reached skill level 8 in Polearms
  2321 | D:3      | Reached XP level 6. HP: 40/44 MP: 6/6
  2359 | D:3      | Slain by a black bear

Skill      XL: |  1  2  3  4  5 |
---------------+----------------+-----
Polearms       | 5 6 7 8 |  8.1
Dodging        | 5 |  5.8
Fighting       | |  2.1
Throwing       | |  2.0
Unarmed Combat | |  0.4

Action                   |  1- 3 |  4- 6 || total
-------------------------+-------+-------++-------
Melee: Trident           |    85 |   174 ||   259
       Unarmed           |     5 |       ||     5
Invok: Curse Item        |       |     3 ||     3
  Use: Potion            |       |     2 ||     2
  Eat: Meat ration       |       |     1 ||     1
       Chunk             |       |     1 ||     1
Armor: Leather armour    |    14 |     1 ||    15
       Ring mail         |       |    41 ||    41
Dodge: Dodged            |    85 |   141 ||   226
